 Dungeon Crawl Stone Soup version 0.31-a0-227-ga22c3bf811 (webtiles) character file.

Game seed: 1513412075353861823

4301 Essalna the Fighter (level 10, -4/70 HPs)
             Began as a Gargoyle Ice Elementalist on July 6, 2023.
             Was a Believer of Vehumet.
             Slain by a wight
             ... wielding a +0 halberd
              (11 damage)
             ... on level 8 of the Dungeon.
             The game lasted 00:24:44 (9044 turns).

Essalna the Fighter (Gargoyle Ice Elementalist)     Turns: 9044, Time: 00:24:44

Health: -4/70      AC: 13    Str: 15    XL:     10   Next: 32%
Magic:  19/23      EV: 11    Int: 23    God:    Vehumet [**....]
Gold:   469        SH:  0    Dex:  8    Spells: 6/13 levels left

rFire   . . .        D - staff of cold
rCold   + . .        (no shield)
rNeg    + . .        a - +1 robe
rPois   ∞            y - +0 helmet
rElec   +            u - +0 cloak
rCorr   .            (no gloves)
SInv    +            m - +0 pair of boots
Will    .....        s - amulet of magic regeneration
Stlth   ++           f - ring of magical power
HPRegen 0.31/turn    c - ring of see invisible
MPRegen 0.58/turn

%: no passive effects
@: about to teleport, flying, studying Long Blades
A: sickness immunity, AC +7, negative energy resistance 1, electricity
resistance, torment resistance 1, petrification resistance, big wings, clever 1,
high MP 1, strong 1
a: Renounce Religion


You were on level 8 of the Dungeon.
You worshipped Vehumet.
Vehumet was pleased with you.
You visited 2 branches of the dungeon, and saw 9 of its levels.

You collected 469 gold pieces.

Inventory:

Hand Weapons
 e - a +0 spear of venom
Armour
 a - a +1 robe (worn)
 m - a +0 pair of boots (worn)
 u - a +0 cloak (worn)
 y - a +0 helmet (worn)
Magical Staves
 k - a staff of fire
 D - a staff of cold (weapon)
Jewellery
 c - a ring of see invisible (right hand)
 f - a ring of magical power (left hand)
 s - an amulet of magic regeneration (around neck)
Wands
 h - a wand of flame (29)
 i - a wand of charming (1)
 B - a wand of polymorph (8)
Scrolls
 g - 4 scrolls of amnesia
 j - 2 scrolls of blinking
 l - a scroll of fear
 p - 4 scrolls of enchant armour
 q - a scroll of noise {unknown}
 r - a scroll of enchant weapon {unknown}
 t - 4 scrolls of teleportation
 w - 4 scrolls of identify
 x - a scroll of immolation {unknown}
Potions
 b - a potion of enlightenment
 d - a potion of degeneration
 n - a potion of invisibility
 o - 3 potions of might {unknown}
 v - 2 potions of attraction {unknown}
 A - 2 potions of magic
 C - a potion of haste


   Skills:
 + Level 11.3 Fighting
 - Level 1.5 Dodging
 - Level 2.1 Stealth
 - Level 2.0 Spellcasting
 + Level 11.2 Ice Magic


You had 6 spell levels left.
You knew the following spells:

 Your Spells              Type           Power      Damage    Failure   Level
a - Freeze                Ice            100%       1d10      1%          1
b - Frozen Ramparts       Ice            100%       1d16      1%          3
c - Ozocubu's Armour      Ice            69%        N/A       1%          3

Your spell library contained the following spells:

 Spells                   Type           Power      Damage    Failure   Level
 Shock                    Conj/Air       8%         1d3       13%         1
 Apportation              Tloc           4%         N/A       13%         1
 Kiss of Death            Conj/Necr      8%         2d6       13%         1
 Summon Ice Beast         Ice/Summ       42%        N/A       13%         4
 Call Canine Familiar     Summ           2%         N/A       36%         3
 Confusing Touch          Hex            2%         N/A       36%         3
 Dazzling Flash           Conj/Hex       4%         N/A       36%         3
 Portal Projectile        Hex/Tloc       4%         N/A       36%         3
 Dispel Undead            Necr           2%         3d7       77%         4
 Leda's Liquefaction      Hex/Erth       1%         N/A       77%         4
 Agony                    Necr           2%         N/A       98%         5
 Alistair's Intoxication  Tmut/Pois      1%         N/A       98%         5
 Silence                  Hex/Air        1%         N/A       98%         5


Dungeon Overview and Level Annotations

Branches:
Dungeon (8/15)             Temple (1/1) D:5
   Lair: D:8-11

Altars:
Cheibriados
Dithmenos
Fedhas
Gozag
Kikubaaqudgha
Makhleb
Nemelex Xobeh
Okawaru
Qazlal
Sif Muna
Uskayaw
Vehumet
Wu Jian
Xom
Yredelemnul
Zin
The Shining One

Shops:
D:5 !   D:8 :[!


Innate Abilities, Weirdness & Mutations

You are immune to sickness and miasma.
Your stone body is resilient. (AC +7)
You are immune to poison.
You resist negative energy. (rN+)
You are resistant to electric shocks. (rElec)
You are resistant to unholy torment.
You are immune to petrification.
Your large and strong wings let you fly.
Your mind is acute. (Int +4, Str/Dex -1)
You have an increased reservoir of magic. (+10% MP)
Your muscles are strong. (Str +4, Int/Dex -1)


Message History

The wight misses you.
The wight completely resists.
The wall freezes the wight but does no damage.
The wight closely misses you.
You hit the wight but do no damage.
The wight is moderately damaged.
The wall freezes the wight but does no damage.
The wight hits you but does no damage.
The wight resists.
The wall freezes the wight.
The wight hits you with a +5 halberd!
* * * LOW HITPOINT WARNING * * *
The wall freezes the wight but does no damage.
The wight closely misses you.
The wight resists.
The wall freezes the wight.
The wight barely misses you.
The wall freezes the wight but does no damage.
The wight hits you but does no damage.
The wight completely resists.
The wall freezes the wight but does no damage.
The wight hits you from afar with a +0 halberd!
* * * LOW HITPOINT WARNING * * *
You feel much better.
The wight resists.
The wall freezes the wight.
The wight barely misses you.
The wight resists.
The wall freezes the wight.
The wight hits you but does no damage.
The wall freezes the wight but does no damage.
The wight hits you but does no damage.
As you read the scroll of teleportation, it crumbles to dust.
You feel strangely unstable.
The wight resists.
The wall freezes the wight.
The wight hits you from afar with a +0 halberd!
* * * LOW HITPOINT WARNING * * *
The wight completely resists.
The wall freezes the wight but does no damage.
The wight barely misses you.
The wall freezes the wight but does no damage.
The wight hits you with a +5 halberd!
* * * LOW HITPOINT WARNING * * *
Okay, then.
Unknown command.
Your icy armour and frozen ramparts will break if you move.
Continue?
The wight attacks as you move away! The wight closely misses you.
Your icy armour cracks and falls away as you move.
The frozen ramparts melt away as you move.
The wight hits you from afar with a +0 halberd!
You die...

#.#........ #...#####..
#...#..;#.. ## #####
##...#####.# . ....
.......∩...# #.#:.#
##.#.#####.. ##z#z.##.#
#.#..;#.# #
#...)z...##...#####.#
#.#.##@########........
#..†...# ###.##.##
#......# #. #...
#.#.##.# #.##... #
#....# ..#.#...# ####.#
......... #.####.#
###.... #......# ###.#
#####..# #..#


You could see 3 wights.

Vanquished Creatures
  A cyclops (D:8)
  Sigmund (D:3)
  A water moccasin (D:6)
  3 orc warriors
  A sky beast (D:6)
  4 black bears
  3 ice beasts
  An ogre (D:4)
  4 centaurs
  A phantom (D:6)
  A kobold brigand (D:8)
  3 bullfrogs
  A gnoll sergeant (D:8)
  A scorpion (D:5)
  4 wights
  6 killer bees (D:7)
  The ghost of MrAu the Shield-Bearer, a weakling DgFi (D:3)
  6 electric eels (D:8)
  2 jellies
  6 hounds
  5 orc priests
  A gnoll bouda (D:3)
  A sleepcap (D:6)
  4 iguanas
  3 orc wizards
  20 gnolls
  9 adders
  A shadow imp (D:6)
  A white imp (D:6)
  An ufetubus (D:6)
  A worm (D:3)
  5 dart slugs
  22 orcs
  6 bats
  8 endoplasms
  2 giant cockroaches
  7 goblins
  14 hobgoblins
  3 jackals (D:1)
  2 quokkas
  9 ball pythons
  8 frilled lizards
  10 kobolds
  8 rats
202 creatures vanquished.

Notes
Turn   | Place    | Note
-------+----------+-------------------------------------------
     0 | D:1      | Essalna the Gargoyle Ice Elementalist began the quest for
                  | the Orb.
     0 | D:1      | Reached XP level 1. HP: 10/10 MP: 3/3
    80 | D:1      | Reached skill level 1 in Fighting
   144 | D:1      | Reached XP level 2. HP: 16/16 MP: 1/5
   822 | D:2      | You fall into a shaft and drop 1 floor!
   886 | D:2      | Reached XP level 3. HP: 21/21 MP: 4/6
  2212 | D:3      | Noticed Sigmund
  2221 | D:3      | Killed Sigmund
  2222 | D:3      | Reached skill level 5 in Ice Magic
  2222 | D:3      | Reached XP level 4. HP: 29/29 MP: 0/7
  2222 | D:3      | Reached XP level 5. HP: 33/33 MP: 0/8
  2453 | D:4      | Reached XP level 6. HP: 34/38 MP: 3/9
  2464 | D:4      | Gained mutation: Your mind is acute. (Int +4, Str/Dex -1)
                  | [potion of mutation]
  2464 | D:4      | Gained mutation: You have hidden genetic potential. [potion
                  | of mutation]
  2464 | D:4      | Gained mutation: You have an increased reservoir of magic.
                  | (+10% MP) [potion of mutation]
  2570 | D:4      | Learned a level 3 spell: Frozen Ramparts
  3059 | D:3      | Noticed a black bear
  3065 | D:3      | Reached skill level 5 in Fighting
  3067 | D:3      | Killed a black bear
  3068 | D:3      | Reached XP level 7. HP: 33/44 MP: 0/11
  3190 | D:3      | Gained mutation: Your large and strong wings let you fly.
                  | [hidden potential]
  3313 | D:3      | Found a transporter.
  3317 | D:3      | Noticed MrAu's ghost (weakling DgFi)
  3324 | D:3      | Found a transporter.
  3332 | D:3      | Learned a level 3 spell: Ozocubu's Armour
  3731 | D:3      | Killed MrAu's ghost
  4281 | D:4      | Found an ornate altar of the Wu Jian Council.
  4281 | D:4      | Found a glowing golden altar of the Shining One.
  4286 | D:4      | Found an iron altar of Okawaru.
  4296 | D:4      | Reached XP level 8. HP: 39/52 MP: 7/12
  4442 | D:4      | Gained mutation: Your muscles are strong. (Str +4, Int/Dex
                  | -1) [hidden potential]
  4442 | D:4      | Lost mutation: You have hidden genetic potential. [hidden
                  | potential expressed]
  4825 | D:4      | Found a basalt altar of Yredelemnul.
  4876 | D:5      | Entered Level 5 of the Dungeon
  4916 | D:5      | Found a staircase to the Ecumenical Temple.
  4931 | Temple   | Entered the Ecumenical Temple
  4992 | Temple   | Became a worshipper of Vehumet
  5293 | D:5      | Found an ancient bone altar of Kikubaaqudgha.
  5765 | D:5      | Found Jioschucru's Distillery.
  6299 | D:6      | Reached XP level 9. HP: 59/60 MP: 13/13
  6436 | D:6      | Found a glowing silver altar of Zin.
  6584 | D:6      | Identified the +1 buckler of the Feeding Gods {Harm}
  6707 | D:6      | Found a shadowy altar of Dithmenos.
  6709 | D:6      | Found a shimmering altar of Xom.
  6741 | D:6      | Found a blossoming altar of Fedhas.
  6749 | D:6      | Found a shimmering blue altar of Sif Muna.
  7249 | D:7      | Reached * piety under Vehumet
  7249 | D:7      | Offered knowledge of Magic Dart by Vehumet.
  7343 | D:7      | Reached skill level 10 in Ice Magic
  7475 | D:7      | Found a stormy altar of Qazlal.
  7564 | D:7      | Reached skill level 10 in Fighting
  7920 | D:7      | Reached XP level 10. HP: 53/68 MP: 14/14
  8267 | D:8      | Offered knowledge of Shock by Vehumet.
  8273 | D:8      | Reached ** piety under Vehumet
  8373 | D:8      | Found Zouff's Distillery.
  8426 | D:8      | Found Komiamp's Book Shop.
  8426 | D:8      | Noticed a walking frostbound tome
  8560 | D:8      | Noticed a cyclops
  8575 | D:8      | Killed a cyclops
  8956 | D:8      | Noticed a walking frostbound tome
  8981 | D:8      | Found Meag's Armour Shoppe.
  9044 | D:8      | Slain by a wight

Illustrated notes

Levels and vault maps discovered:
D:1:      tarquinn_simple_flora_water_a, layout_rooms
D:2:      layout_loops_corners, corexii_corridor_pit
D:3:      minmay_wonky_spiral, layout_basic, gammafunk_ghost_gnarly_gnolls,
          due_unseen_surprise, uniq_sigmund
D:4:      layout_cave_pools, mainiacjoe_overflow_alcove_3
D:5:      corexii_shack_village, layout_basic, marbit_many_paths,
          minmay_temple_entry_drinking_statues, serial_shops, shop
D:6:      layout_loops_corners, mainiacjoe_overflow_cross_hatched,
          nicolae_overflow_macrodata_refinement
D:7:      layout_cave_pools, nicolae_overflow_hidden_temple
D:8:      cheibrodos_two_vegetables, layout_loops_cross, david_lair_shrubbed,
          serial_shops, nicolae_shop_behind_doors, nicolae_shop_statue_plus,
          nicolae_shop_mannequins, hangedman_abyss_or_decor_slice
Temple:   nicolae_temple_two_arcs

Skill      XL: |  1  2  3  4  5  6  7  8  9 10 |
---------------+-------------------------------+-----
Fighting       | 1 4 5 6 8 10 11 | 11.3
Ice Magic      | 5 6 7 8 10 11 | 11.2
Dodging        | |  1.5
Stealth        | |  2.1
Spellcasting   | |  2.0

Action                     |  1- 3 |  4- 6 |  7- 9 | 10-12 || total
---------------------------+-------+-------+-------+-------++-------
  Melee: Unarmed           |    43 |    12 |       |       ||    55
         Punch             |       |     1 |     3 |       ||     4
         Staff             |       |       |   103 |     6 ||   109
         Spear             |       |       |   118 |    36 ||   154
   Cast: Freeze            |    70 |    41 |    86 |    14 ||   211
         Frozen Ramparts   |       |     5 |    31 |     7 ||    43
         Ozocubu's Armour  |       |       |     8 |     5 ||    13
    Use: Potion            |     1 |     1 |    10 |     1 ||    13
         Scroll            |    11 |       |     1 |     1 ||    13
   Stab: Invisible         |       |       |     1 |       ||     1
         Sleeping          |       |       |       |     1 ||     1
 Armour: Robe              |    43 |    12 |   172 |    43 ||   270
  Dodge: Dodged            |    66 |    17 |   221 |    55 ||   359

Table legend: (Time is in decaauts)
 A = Elapsed time spent in this place.
 B = Non-inter-level travel time spent in this place.
 C = Inter-level travel time spent in this place.
 D = Time resting spent in this place.
 E = Time spent auto-exploring this place.
 F = Levels seen in this place.
 G = Mean time per level.
                   A        B        C        D        E       F      G
               +--------+--------+--------+--------+--------+-----+--------+
         Total |   9063 |   8784 |    279 |    426 |   6715 |   9 | 1007.0 |
       Dungeon |   8991 |   8721 |    270 |    426 |   6667 |   8 | 1123.9 |
        Temple |     71 |     62 |      9 |      0 |     48 |   1 |   71.0 |
               +--------+--------+--------+--------+--------+-----+--------+

Top non-repeatable levels by time:
     D:3: 1696 daAuts
     D:6: 1136 daAuts
     D:2: 1129 daAuts
     D:1: 1069 daAuts
     D:7: 1066 daAuts
     D:5: 1031 daAuts
     D:4: 977 daAuts
     D:8: 884 daAuts
  Temple: 71 daAuts
